 Dungeon Crawl Stone Soup version 0.30.1-11-g7821555f0a (webtiles) character file.

Game seed: 6869508943589569707

83 cowcol the Chopper (level 4, 0/36 (40) HPs)
             Began as a Minotaur Fighter on Oct 28, 2023.
             Slain by Crazy Yiuf
             ... wielding a +3 quarterstaff of chaos
              (2 damage)
             ... on level 2 of the Dungeon.
             The game lasted 00:04:46 (2124 turns).

cowcol the Chopper (Minotaur Fighter)               Turns: 2124, Time: 00:04:47

HP:   0/36 (40)     AC:  7    Str: 23    XL:     4   Next: 22%
MP:   3/3           EV:  9    Int:  5    God:
Gold: 100           SH:  4    Dex:  9    Spells: 3/3 levels left

rFire   . . .        a - +0 war axe
rCold   . . .        c - +0 buckler
rNeg    . . .        b - +0 scale mail
rPois   .            (helmet restricted)
rElec   .            (no cloak)
rCorr   .            (no gloves)
SInv    .            (no boots)
Will    .....        (no amulet) Stlth
                     (no ring)
HPRegen 0.26/turn    (no ring)
MPRegen 0.08/turn

%: no passive effects
@: mighty, heavily drained
A: horns 2, retaliatory headbutt
a: no special abilities


You were on level 2 of the Dungeon.
You visited 1 branch of the dungeon, and saw 2 of its levels.

You collected 100 gold pieces.

Inventory:

Hand Weapons
 a - a +0 war axe (weapon)
Armour
 b - a +0 scale mail (worn)
 c - a +0 buckler (worn)
Scrolls
 k - a scroll of amnesia
Potions
 e - a potion of lignification
 f - a potion of berserk rage {unknown}
 g - 2 potions of curing
 h - a potion of invisibility {unknown}
 i - a potion of haste {unknown}
 j - a potion of ambrosia {unknown}


   Skills:
 + Level 4.1 Fighting
 * Level 4.3 Axes
 + Level 4.1 Armour
 + Level 4.1 Shields


You had 3 spell levels left.
You didn't know any spells.
Your spell library was empty.

Dungeon Overview and Level Annotations

Branches:
Dungeon (2/15)

Altars:
Vehumet

Annotations:
D:2 Crazy Yiuf


Innate Abilities, Weirdness & Mutations

You have a pair of horns on your head.
You reflexively headbutt those who attack you in melee.


Message History

The sling bullet misses you.
The goblin shoots a sling bullet.
The sling bullet hits you.
You feel drained.
The goblin shoots a sling bullet.
The sling bullet hits you.
You feel drained.
The goblin unwields a +0 sling of draining.
The goblin wields a +0 club.
The goblin hits you with a +0 club.
You slash the goblin!
You kill the goblin!
Things that are here:
a +0 club; a +0 sling of draining HP restored.
You now have 100 gold pieces (gained 11).
g - 2 potions of curing (gained 1)
A frilled lizard comes into view.
The frilled lizard hisses angrily.
You miss the frilled lizard.
The frilled lizard bites you but does no damage.
You closely miss the frilled lizard. The frilled lizard bites you.
You block the frilled lizard's attack.
You barely miss the frilled lizard. The frilled lizard bites you.
You slash the frilled lizard!
You kill the frilled lizard!
There is a stone staircase leading down here.
Crazy Yiuf shouts!
You feel very mighty all of a sudden.
You open the door.
Crazy Yiuf laughs, "Earwax sallow spinner!"
You closely miss Crazy Yiuf.
Crazy Yiuf hits you with a +3 quarterstaff of chaos!
Crazy Yiuf burns you.
You closely miss Crazy Yiuf. Your headbutt misses Crazy Yiuf.
Crazy Yiuf hits you with a +3 quarterstaff of chaos!
You feel mightier all of a sudden.
Crazy Yiuf hits you with a +3 quarterstaff of chaos!
Crazy Yiuf burns you.
* * * LOW HITPOINT WARNING * * *
You closely miss Crazy Yiuf. Your headbutt misses Crazy Yiuf.
Crazy Yiuf hits you with a +3 quarterstaff of chaos!
* * * LOW HITPOINT WARNING * * *
You feel drained.
You die...

#.# #.#.....#.# #..
#.# #....######
##### #.#
#.####....# #...#
#.# #.#.......#
##### #...# #.#
#.#####...# #)..#
#...####.#
#.........# #...#
#........#
########### ...
#........# #g#
###......# ♣@♣♣
######.# ♣♣.♣
##########.# ♣.♣♣
#........... ♣♣.♣
##########.# ♣♣.♣♣
#.....# #.# ♣♣P..♣
#####.# #.# ♣P...♣
####.####.# #....#
#.........#
##..#####.#########


You could see Crazy Yiuf.

Vanquished Creatures
  Jessica (D:2)
  2 adders (D:2)
  3 bats (D:2)
  6 endoplasms
  A giant cockroach (D:2)
  3 goblins
  4 hobgoblins
  4 kobolds
  2 quokkas
  5 ball pythons
  2 frilled lizards (D:2)
  4 rats
37 creatures vanquished.

Notes
Turn   | Place    | Note
-------+----------+-------------------------------------------
     0 | D:1      | cowcol the Minotaur Fighter began the quest for the Orb.
     0 | D:1      | Reached XP level 1. HP: 19/19 MP: 0/0
   285 | D:1      | Reached XP level 2. HP: 24/27 MP: 1/1
   971 | D:2      | Reached XP level 3. HP: 33/33 MP: 2/2
  1008 | D:2      | Found a runed translucent door.
  1009 | D:2      | Noticed Crazy Yiuf
  1083 | D:2      | Found a radiant altar of Vehumet.
  1435 | D:2      | Noticed Jessica
  1437 | D:2      | Killed Jessica
  1438 | D:2      | Reached XP level 4. HP: 37/40 MP: 3/3
  2124 | D:2      | Slain by Crazy Yiuf

Illustrated notes

Levels and vault maps discovered:
D:1:      dpeg_arrival_pits, layout_loops_ring, grunt_decor_fettered,
          minmay_misc_feat_tiny
D:2:      layout_basic, basic_altar, minmay_tree_intersection, uniq_jessica,
          uniq_crazy_yiuf_cottage

Skill      XL: |  1  2  3 |
---------------+----------+-----
Fighting       | 4 |  4.1
Axes           | 3 4 |  4.3
Armour         | 4 |  4.1
Shields        | 4 |  4.1

Action                     |  1- 3 |  4- 6 || total
---------------------------+-------+-------++-------
  Melee: War axe           |    69 |    10 ||    79
         Headbutt          |     9 |       ||     9
    Use: Potion            |     1 |     2 ||     3
         Scroll            |     1 |       ||     1
 Armour: Scale mail        |    19 |     1 ||    20
  Dodge: Dodged            |    28 |     2 ||    30
  Block: Buckler           |    13 |     1 ||    14
